Cogmind - Beta 14 @@@ ROGUE MODE // 2024.11.17 @ 03:07:44 Player: naththebg Result: Destroyed by 7Y-TKT(R) with Subdweller Laser Performance ------------- Evolutions (0) 0 Regions Visited (2) 400 Robots Destroyed (23) 115 Value Destroyed (584) 584 Prototype IDs (0) 0 Alien Tech Used (0) 0 Bonus (0) 0 TOTAL SCORE: 1099 Bonus ------- None Cogmind --------- Core Integrity 0/250 Matter 255/300 Energy 200/200 System Corruption 0% Temperature Cool (6) Movement Treading (160) Location -10/Subcaves Parts ------- > --- POWER (1) -------- Subdweller Power Source > --- PROPULSION (2) --- Spiked Treads Spiked Treads > --- UTILITY (2) ------ Improved Heat Sink Small Storage Unit > --- WEAPON (2) ------- Barrage Gun Makeshift Shrapnel Gun > --- INVENTORY (8) ---- Subdweller Power Source Subdweller Monowheel Subdweller Optics Signal Interpreter Scrap Shield Subdweller Beam Cannon Subdweller Machine Gun Peak State ------------ > --- POWER ------------ Subdweller Power Source > --- PROPULSION ------- Spiked Treads Spiked Treads > --- UTILITY ---------- Improved Heat Sink Small Storage Unit > --- WEAPON ----------- Barrage Gun Makeshift Shrapnel Gun > --- INVENTORY -------- Subdweller Power Source Subdweller Monowheel Subdweller Monowheel Subdweller Optics Signal Interpreter Scrap Shield Subdweller Machine Gun [Rating: 18] Favorites ----------- Power Ion Engine Engine Ion Engine Power Core Light Nuclear Core Propulsion Light Treads Treads Light Treads Wheel Compact Wheel Utility Small Storage Unit Device Improved Heat Sink Storage Small Storage Unit Weapon Medium Laser Energy Gun Medium Laser Ballistic Gun Battle Rifle Special Melee Weapon Dirty Datajack Build | -11 -10 -10 ------- Run | Yrd Mat Sub Slots Evolved . | . . . Power . | . . . Propulsion . | . . . Utility . | . . . Weapon . | . . . Parts Attached 26 | 5 8 13 Power 6 | 1 3 2 Engine 5 | 1 2 2 Core 1 | . 1 . Reactor . | . . . Propulsion 8 | 2 . 6 Treads 4 | 2 . 2 Leg . | . . . Wheel 4 | . . 4 Hover . | . . . Flight . | . . . Utility 4 | . 4 . Device 1 | . 1 . Storage 3 | . 3 . Processor . | . . . Hackware . | . . . Protection . | . . . Artifact . | . . . Weapon 8 | 2 1 5 Energy Gun 2 | 1 1 . Energy Cannon . | . . . Ballistic Gun 5 | 1 . 4 Ballistic Cannon . | . . . Launcher . | . . . Special Weapon . | . . . Impact Weapon . | . . . Slashing Weapon . | . . . Piercing Weapon . | . . . Special Melee Weapon 1 | . . 1 Unidentified Prototypes . | . . . Parts Lost 2 | . . 2 Power . | . . . Propulsion 1 | . . 1 Utility . | . . . Weapon 1 | . . 1 Highest Loss Streak 1 | . . 1 To Critical Strikes . | . . . Average Slot Usage (%) 99 | . 99 99 Engine 13 | . 12 14 Treads 24 | . 28 22 Wheel 2 | . . 4 Device 11 | . 7 14 Storage 16 | . 20 14 Energy Gun 13 | . 21 8 Ballistic Gun 13 | . 6 18 Peak Build Rating 18 | 5 11 18 Average Rating 12 | 4 9 14 On Entrance 5 | . 5 11 Naked Turns . | . . . Heaviest Build 18 | 9 18 16 Greatest Support 40 | 40 40 40 Greatest Overweight (x) . | . . . Average Overweight (x) . | . . . Largest Inventory Capacity 8 | 5 8 8 Average Capacity 7 | 5 7 8 Most Carried 8 | 4 8 8 Average Carried 7 | 2 6 7 Final Capacity 8 | 5 8 8 Final Carried 8 | 4 8 8 Class Distribution -------------------- 67% | Mutant 32% | Derelict-Mutant Dominant Class ---------------- Mutant | -10/Materials Derelict-Mutant | -10/Subcaves Resources | -11 -10 -10 ----------- Run | Yrd Mat Sub Matter Collected 656 | 199 199 258 Remotely . | . . . Salvage Created 731 | . 553 178 Parts 43 | . 32 11 Haulers Intercepted 1 | . 1 . Recyclers Shooed . | . . . Parts Field Recycled . | . . . Retrieved Matter . | . . . Parts Self-Destructed 9 | . . 9 Prevented . | . . . Kills | -11 -10 -10 ------- Run | Yrd Mat Sub Combat Hostiles Destroyed 18 | . 13 5 Guns 18 | . 13 5 Classes Destroyed 8 | . 6 2 Builder 1 | . 1 . Hauler 1 | . 1 . Recycler 1 | . 1 . Watcher 2 | . 2 . Swarmer 6 | . 6 . Grunt 7 | . 7 . Sentry 1 | . . 1 Subdweller 4 | . . 4 Best Kill Streak 4 | . 4 1 Combat Bots Only 3 | . 3 1 Max Kills in Single Turn 2 | . 2 1 Gunslinging 1 | . 1 . Exploded . | . . . Melee . | . . . Uniques/NPCs Destroyed . | . . . Combat | -11 -10 -10 -------- Run | Yrd Mat Sub Hostile Shots Fired 108 | . 57 51 Missed 36 | . 19 17 Damage Taken 1171 | . 427 744 Core 254 | . 50 204 Absorbed by Shields . | . . . Core Remaining (%) 100 | 100 . . Volleys Fired 100 | . 48 52 Largest 2 | . 2 2 Hottest 115 | . 115 115 Shots Fired 180 | . 96 84 Gun 180 | . 96 84 Cannon . | . . . Launcher . | . . . Special . | . . . Kinetic 70 | . 24 46 Thermal 110 | . 72 38 Explosive . | . . . Electromagnetic . | . . . Robot Hit Streak 19 | . 8 19 Robot Miss Streak 4 | . 4 3 Penetration Max . | . . . Secondary Targets 3 | . 2 1 Max Gunslinging Chain 1 | . 1 1 Shots Hit Robots 108 | . 59 49 Core Hits 38 | . 26 12 Critical Kills 1 | . 1 . Critical Parts Destroyed 1 | . . 1 Critical Strikes 5 | . 2 3 Burn 3 | . 1 2 Destroy 2 | . 1 1 Melee Attacks . | . . . Impact . | . . . Slashing . | . . . Piercing . | . . . Sneak Attacks . | . . . Combat Hostiles . | . . . Follow-up Attacks . | . . . Damage Inflicted 1443 | . 814 629 Guns 1440 | . 811 629 Cannons . | . . . Explosions . | . . . Melee . | . . . Ramming 3 | . 3 . Kinetic 561 | . 225 336 Thermal 879 | . 586 293 Explosive . | . . . Electromagnetic . | . . . Impact . | . . . Slashing . | . . . Piercing . | . . . Highest Corruption . | . . . Average Corruption . | . . . Corruption Purged . | . . . Corruption Blocked . | . . . Overload Shots . | . . . Overflow Damage . | . . . Projectiles . | . . . Explosions . | . . . Melee . | . . . Knockbacks . | . . . Impact . | . . . Kinetic . | . . . Secondary . | . . . Self-Inflicted Damage . | . . . Shots . | . . . Rammed 1 | . 1 . Targets Rammed 1 | . 1 . Kicked . | . . . Crushed . | . . . Highest Temperature 117 | . 117 . Average Temperature 32 | . 32 . Received Heat Transfer 354 | . 189 165 Siege Activations . | . . . Robots Corrupted . | . . . Combat Hostiles . | . . . Parts Fried . | . . . Impact Corruptions . | . . . Robots Melted . | . . . Combat Hostiles . | . . . Parts Melted 7 | . 6 1 Heat Transferred 2590 | . 1665 925 Parts Sabotaged . | . . . Parts Stolen . | . . . Parts Stripped . | . . . Power Chain Reactions . | . . . Alert | -11 -10 -10 ------- Run | Yrd Mat Sub Peak Influence 289 | . 289 . Initial . | . . . Average 136 | . 149 . Maximum Alert Level 1 | . 1 . Low Security (%) 79 | 100 77 . Level 1 20 | . 22 . Level 2 . | . . . Level 3 . | . . . Level 4 . | . . . Level 5 . | . . . High Security . | . . . Max Security . | . . . Squads Dispatched 3 | . 3 . Investigation 3 | . 3 . Extermination . | . . . Reinforcement . | . . . Assault . | . . . Garrison . | . . . Intercept . | . . . Searches Triggered . | . . . Construction Impeded . | . . . Haulers Reinforced . | . . . Active Scanning Responses . | . . . Cargo Convoy Interrupts . | . . . Stealth | -11 -10 -10 --------- Run | Yrd Mat Sub Distress Signals 1 | . 1 . Communications Jammed . | . . . Distress Signals . | . . . Times Spotted 26 | . 19 7 Peak Tracking Total 4 | . 4 3 Tactical Retreats 4 | . 4 . Traps | -11 -10 -10 ------- Run | Yrd Mat Sub Traps Triggered 2 | . 1 1 Indirectly . | . . . Trap Hack Attempts . | . . . Triggered . | . . . Disarmed . | . . . Reprogrammed . | . . . Reused . | . . . Traps Extracted . | . . . Installed . | . . . Triggered . | . . . Machines | -11 -10 -10 ---------- Run | Yrd Mat Sub Machines Disabled 1 | . 1 . Max in Single Turn 1 | . 1 . Machines Repaired . | . . . Machines Dismantled . | . . . Machines Sabotaged . | . . . Overloaded Fab Kills . | . . . Hacking | -11 -10 -10 --------- Run | Yrd Mat Sub Machines Accessed 6 | . 5 1 Terminals 3 | . 3 . Fabricators . | . . . Repair Stations . | . . . Recycling Units 2 | . 2 . Scanalyzers . | . . . Garrison Access . | . . . Total Hacks 15 | . 11 4 Successful 10 | . 6 4 Failed 5 | . 5 . Catastrophic 1 | . 1 . Database Lockouts . | . . . Manual 3 | . 3 . Terminals 6 | . 6 . Fabricators . | . . . Repair Stations . | . . . Recycling Units 5 | . 5 . Scanalyzers . | . . . Garrison Access . | . . . Terminal Hacks 7 | . 3 4 Record 4 | . . 4 Branch Access Points 1 | . 1 . Locate Traps 1 | . 1 . Dispatch Records 1 | . 1 . Fabricator Hacks . | . . . Repair Station Hacks . | . . . Recycling Unit Hacks 1 | . 1 . Report Inventory 1 | . 1 . Scanalyzer . | . . . Garrison Access Hacks . | . . . Unauthorized Hacks 1 | . 1 . Terminals . | . . . Fabricators . | . . . Repair Stations . | . . . Recycling Units 1 | . 1 . Tunnel 1 | . 1 . Scanalyzers . | . . . Garrison Access . | . . . Data Cores Recovered . | . . . Used . | . . . Hacking Detections 4 | . 4 . Full Trace Events 1 | . 1 . Feedback Events . | . . . Feedback Blocked . | . . . Robot Schematics Acquired . | . . . Robots Built . | . . . Authchips . | . . . Time . | . . . Total Robot Build Rating . | . . . Part Schematics Acquired . | . . . Parts Built . | . . . Authchips . | . . . Time . | . . . Total Part Build Rating . | . . . Parts Repaired . | . . . Time . | . . . Parts Recycled . | . . . Recycled Matter . | . . . Retrieved Matter . | . . . Retrieved Components . | . . . Parts Scanalyzed . | . . . Part Schematics Acquired . | . . . Parts Damaged . | . . . Bothacking | -11 -10 -10 ------------ Run | Yrd Mat Sub Used RIF Installer . | . . . Robots Hacked . | . . . Non-combat . | . . . Combat . | . . . Robot Hacks Applied . | . . . Relay Couplers Released . | . . . Fabnet Peak Effective % . | . . . Robots Rewired . | . . . Allies Hacked . | . . . Hacks Repelled . | . . . Allies | -11 -10 -10 -------- Run | Yrd Mat Sub Total Allies . | . . . Largest Group . | . . . Highest-Rated Group . | . . . Highest-Rated Ally . | . . . Total Orders . | . . . Ally Attacks . | . . . Total Damage . | . . . Kills . | . . . Allies Corrupted . | . . . Allies Melted . | . . . Intel | -11 -10 -10 ------- Run | Yrd Mat Sub Robot Analysis Total . | . . . Derelict Logs Recovered 2 | . . 2 Drone Launches . | . . . Drone Recoveries . | . . . Exploration | -11 -10 -10 ------------- Run | Yrd Mat Sub Turns Passed 2399 | 84 919 1396 Spaces Moved 1322 | 48 450 824 Core 3 | 3 . . Treads 1140 | 45 450 645 Legs . | . . . Wheels 179 | . . 179 Hover . | . . . Flight . | . . . Fastest Speed 50 | 50 160 100 Average Speed 152 | 153 160 147 Slowest Speed 160 | 160 160 160 Overloaded Moves . | . . . Propulsion Burnouts . | . . . Robots Hopped . | . . . Cave-ins Triggered . | . . . Exploration Rate (%) 45 | 4 74 57 Regions Visited 2 Branch Regions 1 Pre-discovered Areas 1 | . 1 . Known Exits Taken . | . . . Unknown Exits Taken 2 | 1 1 . Scrap Searched 2 | . . 2 Spaces Dug . | . . . Terrain Destroyed . | . . . Melee . | . . . Projectile . | . . . AOE . | . . . Terrain Rammed . | . . . Walls Destroyed . | . . . Machines Disabled . | . . . Actions | -11 -10 -10 --------- Run | Yrd Mat Sub Total 1531 | 56 553 922 Wait 47 | . 33 14 Move 1320 | 47 449 824 Hop . | . . . Pick Up 20 | 4 9 7 Fast Attach 8 | 5 2 1 Attach 3 | . 2 1 Detach . | . . . Swap 15 | . 4 11 Drop 17 | . 5 12 Fire 100 | . 48 52 Melee . | . . . Ram . | . . . Kick . | . . . Crush 1 | . 1 . Escape Stasis . | . . . Rewire . | . . . Trap . | . . . Miscellaneous . | . . . Route ------- -11/Scrapyard -10/Materials (discovered 4 exits: [*Mat x2] / *Min / *Sub) -10/Subcaves (discovered 1 exit: [*Mat]) History --------- Turn | Location | Event 4 | -11/Scrapyard | Discovered new exit (range 15) 85 | -11/Scrapyard | Entered Materials 302 | -10/Materials | Build established: Mutant 394 | -10/Materials | Discovered new exit (range 8) 702 | -10/Materials | Discovered new exit (range 16) 741 | -10/Materials | Identified exit to Mines 840 | -10/Materials | Discovered new exit (range 5) 985 | -10/Materials | Discovered new exit (range 9) 1004 | -10/Materials | Entered Subcaves 1027 | -10/Subcaves | Learned Materials emergency access door positions 1059 | -10/Subcaves | Visited Clippyterm 1064 | -10/Subcaves | Learned Factory garrison access intel 1227 | -10/Subcaves | Core integrity fell below 50% 1676 | -10/Subcaves | A swath of the cavern ceiling suddenly collapsed 1741 | -10/Subcaves | Shifting Twisted Machinery released Sub. Machine Gun 1912 | -10/Subcaves | Build established: Derelict-Mutant 1999 | -10/Subcaves | A swath of the cavern ceiling suddenly collapsed 2154 | -10/Subcaves | Learned Materials terminal intel 2158 | -10/Subcaves | Shifting Twisted Machinery released Flamer 2162 | -10/Subcaves | Shifting Twisted Machinery released Mak. Shrapnel Gun 2232 | -10/Subcaves | Discovered new exit (range 12) 2397 | -10/Subcaves | Core integrity fell below 20% 2400 | -10/Subcaves | Destroyed by 7Y-TKT(R) with Subdweller Laser Last Messages --------------- 02298_ Searching scrap... 02298_ Found Riot Gun. 02298_ Found 43 Matter. 02299_ Acquired 43 matter. 02304_ Searching scrap... 02304_ Found Sub. Power Source. 02304_ Found Sub. Beam Cannon. 02304_ Found 47 Matter. 02304_ Triggered Piercing Trap. 02304_ Spikes shoot up from the floor. 02304_ Critical hit (Impale). 02305_ Acquired 4 matter. 02311_ Dropped Broken Sub. Power Source. 02314_ Dropped Sub. Monowheel. 02315_ Acquired Sub. Beam Cannon. 02321_ Subatomizers dissect the Riot Gun. 02363_ KI-5HV(R) destroyed. 02367_ Acquired 19 matter. 02396_ FV-154(R) destroyed. 02396_ Switching to secondary target: 9A-53O(R). Map ----- +----------------------------------------------------+ | | | ?????????????????????????????????????????????????? | | ?????????????????????????????????????????????????? | | ?????????????????????????????##############??????? | | ????????????????????????????## """ % $##?????? | | ????????????????????????????# """"= *$ $#?????? | | ????????????????????????????# """"" $ $#?????? | | ????????????????????????????#"" " "#?????? | | ????????????????????????????#""" " [ $"" #?????? | | ????????????????????????????#" "##"" " ####?????? | | ????????????????????????????#""" ########????????? | | ????????????????????????????#"""" ######?????????? | | ????????????????????????????##" # #?????????? | | ?????????????????????????????#" ##?????????? | | ?????????????????????????????## ## "#?????????? | | ???????????????????????????########" ###???????? | | ???????????????????????????# ### " ###??###? | | ???????????????????????????# #### ## | | ???????????????????????????# ##### # | | ???????????????????????????# ##?# | | ???????????????????????????## #?## | | ?????????????????????????##### ##??# | | ???????????????##""??????# ### ##???# | | ???????????????# """###?# ### ! ##### ## | | ???????????????# "" R;## ## % ### | | ?????????????????" """R=*@ * #### | | ????????????????? """"%&!"" ##?# < | | ?????????????????""""&### ### ####??# | | ?????????????????"" ???## #?# ##????# | | ????????????????" ?????#" ## #?# ##????# | | ???????????????" ???????# #####?# #??? # | | ??????????????" #????????#"###?????## #?? #? | | ????????????? ??????????###????????# #? ## ?? | | ???????????? ???????????????????????? ??####?## ?? | | ??????????????????????????????????????????????# ?? | | ??????????????????????????????????????????????#??? | | ?????????????????????????????????????????????????? | | ?????????????????????????????????????????????????? | | ?????????????????????????????????????????????????? | | ?????????????????????????????????????????????????? | | ?????????????????????????????????????????????????? | | ?????????????????????????????????????????????????? | | ?????????????????????????????????????????????????? | | ?????????????????????????????????????????????????? | | ?????????????????????????????????????????????????? | | ?????????????????????????????????????????????????? | | ?????????????????????????????????????????????????? | | ?????????????????????????????????????????????????? | | ?????????????????????????????????????????????????? | | ?????????????????????????????????????????????????? | +----------------------------------------------------+ Best States ------------- Heat Dissipation 39 Energy Generation 15 Energy Capacity 450 Matter Stores 300 Matter Capacity 300 Sight Range 16 Terrain Scan Density 10 Evasion (%) 40 Recoil Reduction 2 Item Schematics ----------------- None Robot Schematics ------------------ None Fabricated ------------ Nothing Alien Tech Used ----------------- None Achievements -------------- None Challenges ------------ None Game ------ Seed CatalystAnalysisHumpback Manual? 0 Play Time 00:20:06 Cumulative 103.2 hours Start 2024.11.17 @ 02:50:52 End 2024.11.17 @ 03:07:44 Sessions 1 Manual Loads 0 Difficulty Rogue Special Mode None Game No. 55 Rogue 55 Adventurer 0 Explorer 0 Win Type - Total 2 Types 2/0/0/0/0/0/0/0/0 Lore% 34 Gallery% 58 Achievement% 51 Wizard Run 0 Options --------- Layout 1 ASCII 0 Keyboard 0 Movement Mouse Keybinds 0 Fullscreen 1 Font 24/Smallcaps Map View 50x35 Zoom Use 0% Tactical HUD 1 Map Filters NONE Filters NONE Steam 1 RUN: 4305a28a-c136-455c-8ecc-62b4f517adef